[Event "*** Titled Tuesday 3|2 Blitz"]
[Site "Chess.com"]
[Date "2015.04.07"]
[Round "4"]
[White "Daniel_Fridman"]
[Black "jbj"]
[Result "1/2-1/2"]
[WhiteElo "2622"]
[BlackElo "2296"]
[TimeControl "180+2"]
[EndTime "11:50:19 PDT"]
[Termination "Game drawn by stalemate"]

1. d4 Nf6 2. Nf3 e6 3. c4 b6 4. g3 Ba6 5. Qa4 c5 6. Bg2 Bb7 7. dxc5 Bxc5 8. O-O O-O 9. Nc3 d5 10. Bg5 dxc4 11. Qxc4 h6 12. Bxf6 Qxf6 13. Ne4 Bxe4 14. Qxe4 Nd7 15. Rad1 Rad8 16. Qb7 Ne5 17. Nd2 Ng4 18.
Bf3 Nxf2 19. Rxf2 Qd4 20. e3 Qxe3 21. Ne4 Rxd1+ 22. Bxd1 Qe1+ 23. Kg2 Qxd1 24. Nxc5 bxc5 25. Qxa7 Qd5+ 26. Kg1 e5 27. Qe7 Qxa2 28. Qxe5 c4 29. Qd5 Qa1+ 30. Kg2 Qa8 31. Qxa8 Rxa8 32. Rc2 Ra2 33.
Rf2 g6 34. Kf3 Kg7 35. Ke3 Ra1 36. Rc2 Ra4 37. Kd4 Rb4 38. Kc5 Ra4 39. Kb5 Ra2 40. Kxc4 f5 41. Kc3 g5 42. b4 Ra7 43. b5 Kf6 44. Kb4 f4 45. gxf4 gxf4 46. Rc5 Kg6 47. b6 Rf7 48. Rc7 f3 49. b7 Rf4+ 50. Kb3 f2 51. b8=Q f1=Q 52. Qe8+ Kg5 53. Rc5+ Rf5 54. Qe3+ Kh5 55. Rxf5+ Qxf5 56. Kc3 Qf6+ 57. Kd3 Qd6+ 58. Ke4 Qxh2 59. Qf3+ Kg6 60. Qg4+ Kf6 61. Qf5+ Kg7 62. Qe5+ Qxe5+ 63. Kxe5 Kg6 64. Kf4 Kh5 65. Kg3 Kg5 66.
Kh2 h5 67. Kh1 h4 68. Kg1 Kg4 69. Kh1 h3 70. Kg1 Kg3 71. Kh1 h2 1/2-1/2

[Event "*** Titled Tuesday 3|2 Blitz"]
[Site "Chess.com"]
[Date "2015.04.07"]
[Round "4"]
[White "DrHolmes13"]
[Black "facu57"]
[Result "0-1"]
[WhiteElo "2211"]
[BlackElo "2131"]
[TimeControl "180+2"]
[EndTime "11:50:36 PDT"]
[Termination "facu57 won by checkmate"]

1. d4 c6 2. c4 d5 3. Nf3 e6 4. Nc3 Nf6 5. Bg5 Be7 6. e3 O-O 7. Bd3 Nbd7 8. O-O b6 9. cxd5 exd5 10. Qc2 Bb7 11. Rad1 h6 12. Bh4 Rc8 13. Rfe1 a6 14. e4 dxe4 15. Nxe4 Re8 16. Nc3 c5 17. dxc5 Bxc5 18.
Bf5 Rxe1+ 19. Nxe1 Rc7 20. Qd3 Qe8 21. Bg3 Ne5 22.
Qd8 Re7 23. Qxe8+ Rxe8 24. h3 Nc4 25. Nd3 Bd4 26. Rb1 b5 27. Nb4 Nxb2 28. Rxb2 Bxc3 29. Rb3 Bd4 30. Nc2 Ba7 31. a4 Bd5 32. Rb4 Bc5 33. Rb1 Bc4 34. axb5 axb5 35. Nb4 Nh5 36. Na6 Nxg3 37.
Bd7 Re7 38. Nxc5 Ne2+ 39. Kh2 Nc3 40. Rc1 Nd5 41. Rb1 Nc3 42. Rc1 Ne2 43. Rb1 Re5 44.
Na6 Nc3 45. Rc1 Nd5 46. Rb1 Nf6 47. Bc6 Re6 48. Bf3 Rxa6 49. g4 g6 50. h4 Kg7 51.
g5 hxg5 52. hxg5 Nd7 53. Kg3 Ne5 54. Be4 Ra3+ 55. Kf4 Nd3+ 56. Bxd3 Rxd3 57. Ra1 Rd5 58. Ra7 Rf5+ 59. Kg4 Be2+ 60. Kg3 Rxg5+ 61. Kf4 Rf5+ 62.
Ke3 Bc4 63. Rb7 Be6 64. f4 g5 65. fxg5 Rxg5 66. Ke4 Rd5 67. Rb6 Kf6 68. Ke3 Rc5 69.
Ke4 Rc4+ 70. Ke3 b4 71. Kd3 Rh4 72. Ke3 b3 73. Kf3 Rh2 74. Kf4 Rc2 75. Ke4 b2 76.
Kf4 Rh2 77. Ke4 Rh4+ 78. Kf3 Rh3+ 79. Kf4 Rb3 80. Rxb3 Bxb3 81. Kg4 b1=Q 82. Kh5 Qf5+ 83. Kh4 Qg5+ 84. Kh3 Bd5 85. Kh2 Qg2# 0-1

[Event "*** Titled Tuesday 3|2 Blitz"]
[Site "Chess.com"]
[Date "2015.04.07"]
[Round "4"]
[White "jcibarra"]
[Black "tac49"]
[Result "1/2-1/2"]
[WhiteElo "2525"]
[BlackElo "2368"]
[TimeControl "180+2"]
[EndTime "11:52:05 PDT"]
[Termination "Game drawn - insufficient material"]

1. e4 e5 2. Nf3 Nc6 3. Nc3 Nf6 4. d4 exd4 5. Nxd4 Bb4 6. Nxc6 bxc6 7. Bd3 d5 8. exd5 cxd5 9. Qe2+ Qe7 10. Qxe7+ Bxe7 11. Nb5 Bb4+ 12. c3 Ba5 13. Bf4 c6 14. Nd6+ Ke7 15. O-O-O Be6 16. Rhe1 Kd7 17. Nf5 Rhg8 18. Nd4 Bb6 19. h3 Rge8 20. Nf5 Rg8 21. Re2 Bc7 22. Bg5 h6 23. Bd2 Rae8 24. Rde1 Bxf5 25. Bxf5+ Kd8 26. g4 Rxe2 27. Rxe2 Re8 28. Kd1 Bb6 29. f3 Rxe2 30. Kxe2 Ke7 31. Bf4 Ne8 32. Bd3 Bc7 33. Be3 Bb6 34. Bd2 Nd6 35. b3 Bc5 36. Be1 Bb6 37. Bh4+ g5 38. Bg3 f6 39. Ba6 Bc7 40. Bf2 Bb6 41. Bg3 Bc7 42. a4 Ba5 43. b4 Bc7 44. a5 Nb5 45. Be1 Be5 46. Kd3 Nc7 47. Bb7 Kd7 48. Bf2 Nb5 49. Ba6 Nc7 50. Bb7 Nb5 51.
Be1 Nd6 52. Ba6 Nb5 53. Bd2 Nd6 54. Be3 Nb5 55. Bxb5 cxb5 56. Bxa7 Kc6 57. a6 Kc7 58. Bc5 Kc6 59. Bf8 Kb6 60. Bxh6 Kxa6 61. Bf8 Kb6 62. Bc5+ Kc6 63. Bf2 Kd6 64. h4 Ke6 65. hxg5 fxg5 66. Be3 Bf6 67. f4 gxf4 68. Bxf4 Be7 69.
Be3 Bf6 70. Bd4 Bg5 71. Be3 Bf6 72. Bd2 Bg7 73. Ke2 d4 74. Kd3 dxc3 75. Bxc3 Bf8 76. Ke4 Be7 77. Bd2 Bd6 78. g5 Bc7 79. Bc3 Bd6 80.
g6 Bxb4 81. Bg7 Be7 82. Kf4 b4 83. Ke4 b3 84. Kd3 Kf5 85. Bb2 Kxg6 86. Kc4 Ba3 87. Kxb3 1/2-1/2

[Event "*** Titled Tuesday 3|2 Blitz"]
[Site "Chess.com"]
[Date "2015.04.07"]
[Round "4"]
[White "rhungaski"]
[Black "kesarev"]
[Result "1/2-1/2"]
[WhiteElo "2437"]
[BlackElo "2204"]
[TimeControl "180+2"]
[EndTime "11:54:18 PDT"]
[Termination "Game drawn by repetition"]

1. d4 g6 2. c4 Bg7 3. Nf3 Nf6 4. Nc3 d6 5. e4 O-O 6. Be2 e5 7. dxe5 dxe5 8. Qxd8 Rxd8 9. Bg5 Na6 10. Nd5 Rd6 11. Nxf6+ Bxf6 12. Bxf6 Rxf6 13. Nxe5 Re6 14. f4 Nc5 15. O-O-O f6 16. Rd8+ Kg7 17. Nd3 Nxe4 18. Bf3 Nd6 19. Bd5 Re7 20. c5 Nf7 21. Bxf7 Kxf7 22.
Re1 Rxe1+ 23. Nxe1 c6 24. Nf3 h5 25. Kd2 Ke7 26. Rg8 Kf7 27. Rh8 b6 28. b4 a5 29.
cxb6 axb4 30. Kc1 Ke6 31. Kb2 c5 32. Nd2 Bb7 33. Rh7 Bd5 34. Nb3 Kd6 35. Rc7 c4 36. Nd4 c3+ 37. Kc1 Rxa2 38. Nb5+ Ke6 39. b7 Be4 40. Kd1 Rd2+ 41. Ke1 Rd8 42. Nxc3 Bxb7 43.
Ne2 Bxg2 44. Rc4 b3 45. Rb4 Bd5 46. Nd4+ Kd6 47. Nxb3 Re8+ 48. Kf2 Re4 49. Rxe4 Bxe4 50. Ke3 Bd5 51. Nd4 Be6 52. h4 Bd7 53. Nf3 Kd5 54. Nd2 Bf5 55. Nb3 Bc2 56. Nd4 Bd1 57. Nb5 Ke6 58.
Nc3 Bc2 59. Nb5 Kf5 60. Kf3 Bd1+ 61. Kg3 Ke4 62. Nd6+ Kd5 63. Ne8 Ke6 64. Nc7+ Kd6 65. Nb5+ Ke6 66. Nc3 Bb3 67. Ne2 Bc4 68. Nc3 Ba6 69.
Nd1 Bb7 70. Ne3 Ba8 71. f5+ gxf5 72. Kf4 Be4 73. Nf1 Bb1 74. Ng3 Bc2 75. Nxh5 Kf7 76. Kg3 f4+ 77. Nxf4 Kg7 78. Kf3 Kh6 79. Ke3 Kg7 80.
Kd4 Bf5 81. Kd5 Kf7 82. Kd6 Bg4 83. Kd5 Bf5 84. Kd4 Bb1 85. Ke3 Bf5 86. Nd5 Bb1 87. Kf4 Kg6 88. Kg4 Bf5+ 89. Kg3 Bc2 90. Kf3 Kh5 91.
Kg3 Kg6 92. Kg4 Bd1+ 93. Kg3 Bc2 94. Nf4+ Kh6 95. Nd5 Kg6 96. Ne3 Bd3 97. Kg4 Be2+ 98. Kg3 Bd3 99. Ng2 Bc2 100. Ne3 Bd3 101. Nd5 Be4 102.
Nf4+ Kh6 103. Kg4 Bc2 104. Nd5 Bd1+ 105. Kf4 Kh5 106. Kg3 Kg6 107. Ne7+ Kh5 108. Nf5 Kg6 109. Ne3 Be2 110. Ng2 Bd1 111. Ne3 Be2 112. Nd5 Bd1 113. Nf4+ Kh6 114. Kf2 Bb3 115. Ne2 Bd1 116. Nd4 Kh5 117. Kg3 Kg6 118. Ne6 Bc2 119. Nf4+ Kh6 120. Nd5 Kg6 1/2-1/2

[Event "*** Titled Tuesday 3|2 Blitz"]
[Site "Chess.com"]
[Date "2015.04.07"]
[Round "5"]
[White "megarompa"]
[Black "Daniel_Fridman"]
[Result "1-0"]
[WhiteElo "2702"]
[BlackElo "2608"]
[TimeControl "180+2"]
[EndTime "11:57:03 PDT"]
[Termination "megarompa won by resignation"]

1. d4 Nf6 2. Nf3 e6 3. Bg5 h6 4. Bxf6 Qxf6 5. e4 d6 6. Nc3 a6 7.
Qd2 Nd7 8. Bd3 g5 9. h3 Bg7 10. Ne2 b6 11. Ng3 h5 12. Nxg5 Qxd4 13. c3 Qf6 14. h4 Ne5 15. O-O-O Bb7 16. Be2 Qxf2 17. Bb5+ 1-0

[Event "*** Titled Tuesday 3|2 Blitz"]
[Site "Chess.com"]
[Date "2015.04.07"]
[Round "5"]
[White "jup1978"]
[Black "Mugzyyy"]
[Result "0-1"]
[WhiteElo "2169"]
[BlackElo "2478"]
[TimeControl "180+2"]
[EndTime "11:58:02 PDT"]
[Termination "Mugzyyy won by resignation"]

1. e4 c5 2. Nf3 e6 3. g3 g6 4. Bg2 Bg7 5. O-O Ne7 6. d4 cxd4 7. Nxd4 O-O 8. Be3 d5 9. exd5 Nxd5 10. Bc1 Qc7 11.
c3 Nc6 12. Nxc6 bxc6 13. Nd2 Rb8 14. Nc4 Ba6 15. b3 Nxc3 16. Qc2 Nd5 17. Rb1 e5 18.
Re1 f5 19. Ba3 Rfd8 20. Bb2 e4 21. Bxg7 Qxg7 22. Rbc1 Nb4 23. Qb1 Nd3 24. Red1 Nxc1 25. Rxc1 Bxc4 26. Rxc4 Rd2 27. Rxc6 Qd4 0-1

[Event "*** Titled Tuesday 3|2 Blitz"]
[Site "Chess.com"]
[Date "2015.04.07"]
[Round "5"]
[White "kesarev"]
[Black "David_Klein"]
[Result "1-0"]
[WhiteElo "2215"]
[BlackElo "2318"]
[TimeControl "180+2"]
[EndTime "11:58:05 PDT"]
[Termination "kesarev won by resignation"]

1. Nf3 Nf6 2. c4 c6 3. b3 d5 4. Bb2 Bf5 5. g3 e6 6. Bg2 h6 7. d3 Nbd7 8. O-O Be7 9. Nbd2 O-O 10. Rc1 a5 11. a3 b5 12. cxb5 cxb5 13. Nd4 Qb6 14.
Nxf5 exf5 15. Rc2 Rac8 16. Qb1 Bd6 17. Nf3 Nc5 18. Bxf6 gxf6 19. Nd4 Nxd3 20. Rxc8 Rxc8 21. Qxd3 Be5 22. Nxb5 Rb8 23. a4 1-0

[Event "*** Titled Tuesday 3|2 Blitz"]
[Site "Chess.com"]
[Date "2015.04.07"]
[Round "5"]
[White "facu57"]
[Black "HansCoolNiemann"]
[Result "1-0"]
[WhiteElo "2135"]
[BlackElo "1856"]
[TimeControl "180+2"]
[EndTime "11:58:09 PDT"]
[Termination "facu57 won by resignation"]

1. e4 d5 2. exd5 Qxd5 3. Nc3 Qd6 4. Nf3 c6 5. d4 Bg4 6. Be2 Nd7 7. O-O Ngf6 8. h3 Bh5 9. a3 e6 10. Be3 Qc7 11. Re1 Bd6 12. Nb1 O-O-O 13. c4 c5 14. Nbd2 cxd4 15. Nxd4 Bxe2 16. Qxe2 a6 17. c5 Be5 18. c6 bxc6 19. Nxc6 Bxb2 20. Qxa6+ Qb7 21. Qxb7+ Kxb7 22. Nxd8+ Rxd8 23. Rab1 1-0

[Event "*** Titled Tuesday 3|2 Blitz"]
[Site "Chess.com"]
[Date "2015.04.07"]
[Round "5"]
[White "zmaj23"]
[Black "jefferyx"]
[Result "1-0"]
[WhiteElo "2399"]
[BlackElo "2085"]
[TimeControl "180+2"]
[EndTime "12:00:58 PDT"]
[Termination "zmaj23 won by resignation"]

1. e4 a6 2. a3 b5 3. d4 Bb7 4. Nc3 e6 5. f4 Nh6 6. Nf3 f5 7. Bd3 b4 8. axb4 Bxb4 9. exf5 Nxf5 10. O-O O-O 11. Ne4 Nc6 12. c3 Be7 13. Qe1 Kh8 14. g4 Nh4 15. Nfg5 Ng6 16. f5 exf5 17. gxf5 Nge5 18. Qh4 h6 19. dxe5 Nxe5 20. Bc2 Rb8 21. Qg3 Nc4 22. Nh3 Bxe4 23. Bxe4 Bc5+ 24. Kh1 Qe7 25. Bg2 Qe2 26. Nf4 Qc2 27. Ng6+ 1-0

[Event "*** Titled Tuesday 3|2 Blitz"]
[Site "Chess.com"]
[Date "2015.04.07"]
[Round "5"]
[White "AlmirDzhumaev"]
[Black "AndrewMcStone"]
[Result "1-0"]
[WhiteElo "2111"]
[BlackElo "1937"]
[TimeControl "180+2"]
[EndTime "12:01:13 PDT"]
[Termination "AlmirDzhumaev won on time"]

1. e4 e6 2. Nc3 d5 3. d4 Nc6 4. exd5 exd5 5. Nf3 Bg4 6. Bb5 a6 7. Bxc6+ bxc6 8. h3 Bh5 9. Qd3 Bg6 10. Qe2+ Be7 11.
Ne5 Qd6 12. Bf4 Qe6 13. Nxg6 Qxg6 14. Bxc7 Kd7 15. Bg3 Ba3 16. bxa3 Re8 17. Be5 f6 18. O-O fxe5 19. dxe5 Nf6 20. Qxa6 Rxe5 21. Qb7+ Kd6 22. Qb4+ Kd7 23. Na4 Ne4 24. Qb7+ Kd6 25. c4 Rg5 26. c5+ Nxc5 27. Qb4 Rxg2+ 28. Kh1 1-0

[Event "*** Titled Tuesday 3|2 Blitz"]
[Site "Chess.com"]
[Date "2015.04.07"]
[Round "5"]
[White "Imre91"]
[Black "GeorgMeier"]
[Result "1/2-1/2"]
[WhiteElo "2567"]
[BlackElo "2722"]
[TimeControl "180+2"]
[EndTime "12:01:22 PDT"]
[Termination "Game drawn by repetition"]

1. d4 Nf6 2. Nf3 d5 3. g3 c6 4. Bg2 Bf5 5. O-O e6 6. c4 Be7 7. Nc3 h6 8. Qb3 Qb6 9. c5 Qc7 10. Bf4 Qc8 11. Qd1 O-O 12. b4 Nbd7 13. Qb3 b6 14.
Rfc1 Ne4 15. cxb6 axb6 16. Nxe4 Bxe4 17. Ne5 Nxe5 18. Bxe4 Nc4 19. Bd3 Ra3 20. Qd1 b5 21.
Rcb1 Qa6 22. e4 Bf6 23. e5 Be7 24. Bc2 Rxa2 25. Rxa2 Qxa2 26. Ra1 Qb2 27. Rb1 Qa3 28.
Bc1 Qc3 29. Rb3 Qa1 30. Rb1 Qc3 31. Rb3 Qa1 32. Rb1 Qc3 1/2-1/2

[Event "*** Titled Tuesday 3|2 Blitz"]
[Site "Chess.com"]
[Date "2015.04.07"]
[Round "5"]
[White "1stSecond"]
[Black "bugsbunny444"]
[Result "1-0"]
[WhiteElo "2401"]
[BlackElo "2298"]
[TimeControl "180+2"]
[EndTime "12:01:46 PDT"]
[Termination "1stSecond won on time"]

1. d4 e6 2. c4 b6 3. Nf3 Bb7 4.
Qc2 f5 5. Nbd2 Nf6 6. g3 Nc6 7. e3 Be7 8. Bg2 O-O 9. O-O Ne4 10. a3 Nb8 11. b4 a5 12. b5 d6 13. Ne1 Nxd2 14. Bxb7 Ra7 15. Bxd2 Rxb7 16. Nd3 Bf6 17. Bc3 Nd7 18. Rad1 Rb8 19. Nf4 Qe7 20. e4 Bg5 21. Bd2 Bxf4 22. Bxf4 e5 23. dxe5 dxe5 24. Bc1 f4 25.
Qd3 Rbd8 26. Qd5+ Kh8 27. gxf4 exf4 28. Bb2 Nc5 29. Qe5 Qf7 30. Rd5 Qg6+ 31. Kh1 Qxe4+ 32.
Qxe4 Nxe4 33. f3 Nc5 34. Rfd1 Rxd5 35. Rxd5 Kg8 36. Be5 Rc8 37. Bxf4 c6 38. Rd6 cxb5 39. cxb5 Na4 40. Rc6 1-0

[Event "*** Titled Tuesday 3|2 Blitz"]
[Site "Chess.com"]
[Date "2015.04.07"]
[Round "5"]
[White "brauliocuarta"]
[Black "petrpalachev"]
[Result "1/2-1/2"]
[WhiteElo "2060"]
[BlackElo "2430"]
[TimeControl "180+2"]
[EndTime "12:02:02 PDT"]
[Termination "Game drawn by stalemate"]

1. d4 Nf6 2. c4 e6 3. Nc3 Bb4 4. f3 c5 5. d5 O-O 6. e4 d6 7. Ne2 b5 8. Ng3 bxc4 9. Bxc4 Ba6 10. Bxa6 Nxa6 11. O-O Bxc3 12. bxc3 exd5 13. exd5 c4 14. Bg5 h6 15. Bxf6 Qxf6 16. Qa4 Nc5 17. Qxc4 Rfc8 18. Qd4 Qxd4+ 19. cxd4 Nd3 20. Nf5 Rd8 21. Rab1 Rd7 22. Rb3 Nf4 23. Ne3 Re8 24. Kf2 Rc7 25. Rfb1 Ree7 26. Rb8+ Kh7 27. R1b3 g6 28. g3 Nh3+ 29.
Kg2 Ng5 30. h4 Ne4 31. fxe4 Rxe4 32. Rd3 f5 33. Kf3 Kg7 34. Rd8 Rb7 35. Rxd6 Rb2 36. Re6 Rxa2 37. Rxe4 fxe4+ 38. Kxe4 Kf6 39. Ng4+ Ke7 40.
Nxh6 Kd6 41. Nf7+ Ke7 42. Ne5 Kf6 43. d6 Ra6 44. d7 Rd6 45. Rf3+ Kg7 46. Rf7+ Kh6 47.
Re7 a5 48. Re8 a4 49. d8=Q Rxd8 50. Rxd8 a3 51. Ra8 Kh7 52. Rxa3 Kh6 53. Ra6 Kh5 54. Rxg6 1/2-1/2

[Event "*** Titled Tuesday 3|2 Blitz"]
[Site "Chess.com"]
[Date "2015.04.07"]
[Round "5"]
[White "guillead1"]
[Black "GasconJR"]
[Result "0-1"]
[WhiteElo "2375"]
[BlackElo "2273"]
[TimeControl "180+2"]
[EndTime "12:02:03 PDT"]
[Termination "GasconJR won by resignation"]

1. d4 Nf6 2. c4 g6 3. Nc3 Bg7 4. e4 d6 5. f4 O-O 6. Nf3 c5 7. d5 e6 8. Be2 exd5 9. cxd5 Bg4 10. O-O Nbd7 11. a4 Re8 12. h3 Bxf3 13. Bxf3 c4 14. Be3 Rc8 15. Kh1 Nc5 16. Bxc5 Rxc5 17. Qc2 Nd7 18. Bg4 a6 19. Rae1 b5 20. axb5 axb5 21.
Qf2 b4 22. Nd1 c3 23. bxc3 bxc3 24. Qc2 Nb6 25. Nf2 Rc4 26. Be2 Rb4 27. Rb1 Rb2 28. Rxb2 cxb2 29. Bb5 Re7 30. Bc6 Ra7 31. Rb1 Ra1 32.
Nd3 Nc4 33. Nxb2 Na3 34. Rxa1 Nxc2 35. Ra8 Qxa8 36. Bxa8 Bxb2 37. e5 dxe5 38. d6 exf4 39. d7 Bf6 0-1

[Event "*** Titled Tuesday 3|2 Blitz"]
[Site "Chess.com"]
[Date "2015.04.07"]
[Round "5"]
[White "LyonBeast"]
[Black "Yaacovn"]
[Result "1-0"]
[WhiteElo "2769"]
[BlackElo "2617"]
[TimeControl "180+2"]
[EndTime "12:02:15 PDT"]
[Termination "LyonBeast won by checkmate"]

1. d4 Nf6 2. Nf3 d5 3. c4 e6 4.
Nc3 Be7 5. g3 O-O 6. Bg2 Nbd7 7.
O-O dxc4 8. e4 a6 9. a4 Rb8 10. a5 b5 11. axb6 Nxb6 12. Qe2 Bb7 13. Rd1 Bb4 14.
Ne5 a5 15. Bf4 Nfd7 16. Ng4 Rc8 17. h4 Qe7 18. Ne3 Rfe8 19. e5 Bxg2 20. Kxg2 c5 21. d5 exd5 22. Ncxd5 Nxd5 23. Rxd5 Nb6 24. Rd6 Qb7+ 25.
Kh2 c3 26. bxc3 Bxc3 27. Rb1 Bb4 28. Qg4 Qe4 29. Rbd1 Rb8 30. Nf5 g6 31. Nh6+ Kg7 32. Qg5 Re6 33. Qf6+ Rxf6 34. exf6+ Kf8 35. Rd8+ Qe8 36.
Bd6# 1-0

[Event "*** Titled Tuesday 3|2 Blitz"]
[Site "Chess.com"]
[Date "2015.04.07"]
[Round "5"]
[White "Dlugy"]
[Black "MITerryble"]
[Result "1-0"]
[WhiteElo "2533"]
[BlackElo "2480"]
[TimeControl "180+2"]
[EndTime "12:02:19 PDT"]
[Termination "Dlugy won by resignation"]

1. d4 e6 2. c4 Bb4+ 3. Bd2 Qe7 4. Nf3 Nf6 5. g3 Nc6 6. Bg2 Bxd2+ 7. Nbxd2 d6 8. O-O O-O 9. e4 e5 10. d5 Nb8 11. b4 a5 12. a3 Na6 13. Ne1 Bg4 14. f3 Bd7 15. Nd3 b6 16. Qc2 Rfb8 17. Rfc1 Ne8 18.
Qc3 f5 19. f4 exf4 20. Nxf4 Qf6 21. Rab1 Qxc3 22. Rxc3 Nf6 23. Ne6 fxe4 24. Nxe4 Nxe4 25. Bxe4 Re8 26. Bf5 Re7 27. Rf3 Rae8 28. Bh3 Bxe6 29. Bxe6+ Kh8 30. Rbf1 g6 31. Rf8+ Kg7 32. R1f7+ Kh6 33.
Rxe8 Rxe8 34. b5 Nc5 35. Rxc7 Nxe6 36. dxe6 Rxe6 37. Rc6 Re1+ 38. Kf2 Rc1 39. Ke3 Rc3+ 40. Kd4 Rxa3 41. Rxd6 Ra2 42. Rxb6 Rxh2 43. Ra6 Rd2+ 44. Kc5 Kg5 45. Rxa5 Kg4 46. Ra3 Rd8 47. b6 Rc8+ 48.
Kb5 Rf8 49. c5 Rf1 50. Rb3 1-0

[Event "*** Titled Tuesday 3|2 Blitz"]
[Site "Chess.com"]
[Date "2015.04.07"]
[Round "5"]
[White "chessloveyou"]
[Black "gumersindo"]
[Result "1-0"]
[WhiteElo "2120"]
[BlackElo "2108"]
[TimeControl "180+2"]
[EndTime "12:02:23 PDT"]
[Termination "chessloveyou won by checkmate"]

1. d4 d5 2. c4 c6 3. Nc3 Nf6 4. e3 dxc4 5. Bxc4 Bf5 6. Nf3 e6 7.
O-O Nbd7 8. a4 h6 9. Re1 Ne4 10.
Nd2 Nxc3 11. bxc3 Be7 12. e4 Bg6 13. e5 O-O 14. Ne4 c5 15. a5 Rc8 16. Bb5 cxd4 17.
cxd4 Nb8 18. Ba3 Bxa3 19. Rxa3 Qd5 20. Nd6 Rc7 21. Qd2 Nc6 22. Rd1 Bh5 23. Bc4 Bxd1 24. Bxd5 exd5 25. Qxd1 f6 26. e6 Rd8 27. Nf5 g6 28.
Qg4 Kh7 29. Rg3 Rg8 30. Nd6 Ne5 31. Qd1 Nc6 32. h4 Nxa5 33. h5 Re7 34. hxg6+ Kh8 35. Nf7+ Kg7 36. Qh5 Rxe6 37. Qxh6# 1-0

[Event "*** Titled Tuesday 3|2 Blitz"]
[Site "Chess.com"]
[Date "2015.04.07"]
[Round "5"]
[White "Mazetovic"]
[Black "iFrancisco"]
[Result "1-0"]
[WhiteElo "2440"]
[BlackElo "2219"]
[TimeControl "180+2"]
[EndTime "12:02:27 PDT"]
[Termination "Mazetovic won by resignation"]

1. e4 e5 2. Nf3 Nc6 3. Bb5 a6 4. Bxc6 dxc6 5. O-O f6 6. d4 exd4 7. Nxd4 c5 8. Ne2 Qxd1 9. Rxd1 Bg4 10. f3 Bd7 11. Nbc3 O-O-O 12. Be3 b6 13. Rd2 Bc6 14. Rxd8+ Kxd8 15. Rd1+ Kc8 16. Nf4 Bd7 17. Ncd5 Ne7 18. c4 Ng6 19. Nh5 Rg8 20. b3 Ne7 21.
Ndxf6 gxf6 22. Nxf6 Be6 23. Nxg8 Bxg8 24. g4 Bg7 25. Kf2 Nc6 26. h4 Be6 27. Kg3 Nd4 28. f4 Bd7 29. h5 Ne2+ 30. Kf3 Nc3 31. Re1 Bc6 32. Bd2 Nxa2 33. f5 Be5 34. g5 Kd7 35. h6 Ke7 36. g6 hxg6 37. fxg6 Kf8 38. Rg1 Nc3 39. g7+ Ke7 40. Bxc3 1-0

[Event "*** Titled Tuesday 3|2 Blitz"]
[Site "Chess.com"]
[Date "2015.04.07"]
[Round "5"]
[White "DrHolmes13"]
[Black "WanderingPuppet"]
[Result "1-0"]
[WhiteElo "2219"]
[BlackElo "2115"]
[TimeControl "180+2"]
[EndTime "12:02:33 PDT"]
[Termination "DrHolmes13 won on time"]

1. d4 Nf6 2. c4 g6 3. Nc3 Bg7 4. e4 d6 5. f3 O-O 6. Be3 c5 7. Nge2 Nc6 8. d5 Ne5 9. Ng3 h5 10. Be2 h4 11. Nf1 a6 12. a4 Nh7 13. Nd2 f5 14.
exf5 gxf5 15. O-O Kh8 16. Kh1 Bd7 17. Qc2 Qe8 18. Bf2 Qh5 19. f4 Ng4 20. Bg1 Qh6 21. Nf3 Nhf6 22. Ng5 Nh5 23. Bxg4 fxg4 24. h3 Nxf4 25.
Nce4 gxh3 26. gxh3 Bxh3 27. Rxf4 Rxf4 28. Be3 Raf8 29. Bxf4 Rxf4 30. Nxh3 Rf3 31. Neg5 Kg8 32. Nxf3 1-0

[Event "*** Titled Tuesday 3|2 Blitz"]
[Site "Chess.com"]
[Date "2015.04.07"]
[Round "5"]
[White "SCIM"]
[Black "darkknight123456"]
[Result "0-1"]
[WhiteElo "2030"]
[BlackElo "2066"]
[TimeControl "180+2"]
[EndTime "12:02:48 PDT"]
[Termination "darkknight123456 won by checkmate"]

1. d4 Nf6 2. c4 c5 3. d5 e6 4. Nc3 exd5 5. cxd5 d6 6. e4 g6 7. Nge2 Bg7 8. Ng3 h5 9. Be2 h4 10. Nf1 h3 11. g3 O-O 12. Be3 Re8 13. Nd2 a6 14. a4 Nbd7 15. O-O Ne5 16. f3 Rb8 17. a5 b5 18. axb6 Rxb6 19. Ra2 Nh7 20. f4 Nd7 21. Bf3 Rb4 22. Qc2 f5 23. Bf2 fxe4 24.
Ndxe4 Ndf6 25. Nxf6+ Qxf6 26. Qd2 g5 27. Bh5 Rf8 28. Be3 g4 29. f5 Bxf5 30. Rxa6 Qe5 31. Nd1 Nf6 32. Bf4 Qe4 33. Bxd6 Nxh5 34. Bxf8 Bd4+ 35.
Qxd4 Qg2# 0-1

[Event "*** Titled Tuesday 3|2 Blitz"]
[Site "Chess.com"]
[Date "2015.04.07"]
[Round "5"]
[White "Ar4uha"]
[Black "jbj"]
[Result "1-0"]
[WhiteElo "2470"]
[BlackElo "2287"]
[TimeControl "180+2"]
[EndTime "12:03:11 PDT"]
[Termination "Ar4uha won on time"]

1. e4 e6 2. c4 d5 3. exd5 exd5 4. cxd5 Qxd5 5. Nc3 Qe6+ 6. Be2 Nf6 7. d4 c6 8. Nf3 Bd6 9. O-O O-O 10.
Re1 Qd7 11. Bd3 h6 12. Bc2 Re8 13. Be3 Qc7 14. Qd3 Bg4 15. Ne5 Be6 16. Bf4 Nbd7 17. Rac1 Nf8 18. Bb1 Rad8 19. Nb5 Qb6 20. Nxd6 Rxd6 21.
Ng4 Rxd4 22. Nxf6+ gxf6 23. Qg3+ Kh8 24. Bxh6 Rg4 25.
Qxg4 Bxg4 26. Rxe8 f5 27. Bxf8 Kh7 28. h3 Qxb2 29.
Rce1 Bxh3 30. gxh3 Kg6 31. R8e5 f6 32. Bxf5+ Kg5 33. R5e2 Qd4 34. Bg4 f5 35. Be7+ Kh6 36.
Re6+ Kh7 37. Bxf5+ Kg8 38. Bg5 1-0

[Event "*** Titled Tuesday 3|2 Blitz"]
[Site "Chess.com"]
[Date "2015.04.07"]
[Round "5"]
[White "chesstatour"]
[Black "AnastasiaProtopopova"]
[Result "1-0"]
[WhiteElo "1955"]
[BlackElo "1812"]
[TimeControl "180+2"]
[EndTime "12:04:23 PDT"]
[Termination "chesstatour won by resignation"]

1. d4 Nf6 2. c4 e6 3. Nf3 b6 4. Nc3 Bb4 5. Qc2 Bb7 6. g3 Nc6 7. Be3 d5 8. Bg2 O-O 9. O-O dxc4 10. Ne5 Na5 11. Bxb7 Nxb7 12. Nxc4 Nd6 13. Ne5 Bxc3 14. bxc3 Nd5 15. Bd2 b5 16. c4 Nxc4 17. Nxc4 bxc4 18. Qxc4 Nb6 19. Qd3 Qe7 20. Rab1 c5 21. dxc5 Qxc5 22. Bb4 Qc7 23. Rfc1 Qe5 24. Bxf8 Rxf8 25. Qb5 Qd6 26. a4 Nd5 27. e4 Ne7 28. Qc5 Qd7 29. Rd1 Qc8 30.
Qxe7 Qc2 31. Qb4 h5 32. Rbc1 Qe2 33. Re1 Qf3 34. Rc3 Qg4 35. f3 Qh3 36. Qd4 Rb8 37. Qf2 h4 38. Qg2 Qxg2+ 39. Kxg2 Rb2+ 40. Kh3 hxg3 41. hxg3 Rb4 42. Ra3 Kh7 43. a5 a6 44. Rd1 g5 45. Rd6 Kg6 46. Rxa6 Rb2 47. Ra8 f5 48. exf5+ exf5 49. Ra6+ Kh5 50. g4+ 1-0

[Event "*** Titled Tuesday 3|2 Blitz"]
[Site "Chess.com"]
[Date "2015.04.07"]
[Round "5"]
[White "ilmago"]
[Black "BjarkeSahl"]
[Result "1/2-1/2"]
[WhiteElo "1884"]
[BlackElo "2042"]
[TimeControl "180+2"]
[EndTime "12:04:27 PDT"]
[Termination "Game drawn by repetition"]

1. e4 c6 2. d4 d5 3. Nc3 dxe4 4. Nxe4 Nf6 5. Nxf6+ exf6 6. Nf3 Bd6 7. Bd3 O-O 8. Be3 Qc7 9. Qd2 Be6 10. c4 Nd7 11. Rc1 Bg4 12. Nh4 Rfe8 13. h3 Bh5 14. Nf5 Bg6 15.
Nxd6 Qxd6 16. O-O Bxd3 17. Qxd3 Nc5 18. Qc2 Ne4 19. Rfd1 Rad8 20. d5 c5 21. Re1 b6 22.
Rcd1 f5 23. Qc1 h6 24. Bf4 Qf6 25. Rd3 Nd6 26. Rxe8+ Rxe8 27. Re3 Rxe3 28. fxe3 g5 29. Bxd6 Qxd6 30. Qd2 Kg7 31. a3 Kg6 32. b4 h5 33.
bxc5 bxc5 34. Qd3 h4 35. e4 fxe4 36. Qxe4+ f5 37. Qe8+ Kf6 38. Qh8+ Kg6 39. Qg8+ Kf6 40. Qh8+ Kg6 41. Qe8+ Kf6 42. Qa4 Qe5 43. Qc6+ Kg7 44. Qxc5 Qe1+ 45. Kh2 Qg3+ 46. Kh1 g4 47. Qe7+ Kg6 48.
Qe6+ Kg5 49. Qe7+ Kg6 50. c5 gxh3 51. Qe6+ Kg7 52. Qd7+ Kg6 53. Qe8+ Kg7 54. Qe7+ Kg6 55. Qe6+ Kg7 56. Qe7+ Kg6 57. Qe6+ Kg7 58. Qe7+ Kg6 1/2-1/2

[Event "*** Titled Tuesday 3|2 Blitz"]
[Site "Chess.com"]
[Date "2015.04.07"]
[Round "5"]
[White "DanielRensch"]
[Black "eltenedor"]
[Result "1-0"]
[WhiteElo "2236"]
[BlackElo "1966"]
[TimeControl "180+2"]
[EndTime "12:04:32 PDT"]
[Termination "DanielRensch won by resignation"]

1. e4 d5 2. exd5 Qxd5 3. Nc3 Qd8 4. d4 Nf6 5. g3 Bg4 6. f3 Bf5 7. Be3 e6 8. Qd2 Bb4 9. a3 Ba5 10. Bc4 O-O 11. Nge2 c6 12. g4 Bg6 13. h4 h5 14.
Nf4 Bh7 15. gxh5 Nbd7 16. Rg1 e5 17. Ng6 exd4 18. Bxd4 Re8+ 19. Kf1 Nb6 20. Ba2 c5 21.
Be3 Qxd2 22. Bxd2 Nxh5 23. Nf4 Nxf4 24. Bxf4 c4 25. Bh6 g6 26. Kg2 Bxc3 27. bxc3 Re2+ 28. Kh1 Rd8 29. Rad1 Rxd1 30. Rxd1 f5 31. a4 a5 32. Rd6 Nxa4 33. Bxc4+ Kh8 34. Rd8+ Bg8 35. Bxe2 Kh7 36.
Bg5 Nxc3 37. Bd3 Bd5 38. Rd7+ Kg8 39. Kg2 Bc6 40. Rc7 Kf8 41. Be7+ Ke8 42. Bc5 a4 43.
Rc8+ Kd7 44. Ra8 Nd5 45. Bc4 Nf4+ 46. Kg3 Nh5+ 47. Kf2 Nf6 48. Bd4 Nd5 49. Bxd5 Bxd5 50. Rxa4 Bc6 51. Ra7 Ke6 52. c3 Kd5 53. Kg3 1-0